 Dungeon Crawl Stone Soup version 0.28-a0-230-g086cc6695f (webtiles) character file.

Game seed: 6500733453236877780

14567 vjdnkdk the Geomancer (level 12, -9/71 HPs)
             Began as a Gargoyle Earth Elementalist on Aug 22, 2021.
             Was an Elder of Vehumet.
             Mangled by Urug (20 damage)
             ... on level 12 of the Dungeon.
             The game lasted 00:36:45 (14494 turns).

vjdnkdk the Geomancer (GrEE)                       Turns: 14494, Time: 00:36:47

Health: -9/71      AC: 24    Str: 13    XL:     12   Next: 17%
Magic:  2/24       EV: 13    Int: 24    God:    Vehumet [****..]
Gold:   368        SH:  0    Dex: 10    Spells: 18/27 levels left

rFire   . . .      SeeInvis +   n - +8 club
rCold   . . .      Faith    .   (no shield)
rNeg    + . .      Spirit   .   x - +5 robe of Night {Dark Will+ SInv}
rPois   ∞          Reflect  .   (no helmet)
rElec   +          Harm     .   (no cloak)
rCorr   .          Rampage  .   (no gloves)
Will    +....                   (no boots)
Stlth   ++........              (no amulet)
HPRegen 0.21/turn               q - +4 ring of protection
MPRegen 0.19/turn               i - +4 ring of protection

@: flying
A: sickness immunity, AC +8, negative energy resistance 1, electricity
resistance, torment resistance 1, petrification resistance, big wings, clever 1,
strong 1, wild magic 1
a: Renounce Religion


You were on level 12 of the Dungeon.
You worshipped Vehumet.
Vehumet was greatly pleased with you.
You visited 2 branches of the dungeon, and saw 13 of its levels.
You also visited: Bailey.

You collected 620 gold pieces.
You spent 252 gold pieces at shops.

Inventory:

Hand Weapons
 e - a +2 vorpal flail
 f - a +0 flail
 n - a +8 club (weapon)
 v - a +2 morningstar of draining
Missiles
 c - 220 stones
Armour
 l - the +0 leather armour of Distant Shores {Rampage *Slow rN+++ Stlth-}
   (You found it on level 4 of the Dungeon)

   rN:        It renders you almost immune to negative energy.
   *Slow:     It may slow you when you take damage.
   Rampage:   It bestows one free step when moving towards enemies.
   Stlth:     It makes you less stealthy.
 w - +1 steam dragon scales
 x - the +5 robe of Night (worn) {Dark Will+ SInv}
   (You found it on level 8 of the Dungeon)

   It shrouds the wearer in darkness, reducing the range at which they can see
   and be seen by others.
   SInv:      It lets you see invisible.
   Will:      It increases your willpower.
Jewellery
 a - a +6 ring of strength
 b - a ring of fire
 i - a +4 ring of protection (right hand)
 q - a +4 ring of protection (left hand)
Wands
 d - a wand of paralysis (1)
 j - a wand of polymorph (4)
 m - a wand of mindburst (19)
 y - a wand of digging (5)
 B - a wand of iceblast (19)
Scrolls
 o - 3 scrolls of immolation
 p - a scroll of blinking
 u - 2 scrolls of teleportation
 C - a scroll of fog
 E - a scroll of fear
 F - 2 scrolls of magic mapping
Potions
 g - 6 potions of curing
 h - 3 potions of heal wounds
 k - 2 potions of mutation
 r - a potion of brilliance
 s - a potion of haste
 t - a potion of invisibility {unknown}
 z - a potion of cancellation {unknown}
 A - a potion of resistance {unknown}
 D - 2 potions of flight
 G - a potion of berserk rage {unknown}


   Skills:
 + Level 6.5 Fighting
 + Level 5.8 Maces & Flails
 - Level 6.0 Armour
 + Level 5.2 Dodging
 - Level 2.1 Stealth
 + Level 8.0 Spellcasting
 + Level 8.8 Conjurations
 - Level 0.7 Transmutations
 + Level 10.6 Earth Magic
 + Level 5.2 Evocations


You had 18 spell levels left.
You knew the following spells:

 Your Spells              Type           Power      Damage    Failure   Level
a - Sandblast             Erth           100%       2d20      1%          1
b - Stone Arrow           Conj/Erth      100%       3d13      1%          3
c - Bolt of Magma         Conj/Fire/Erth 26%        4d12      5%          5

Your spell library contained the following spells:

 Spells                   Type           Power      Damage    Failure   Level
 Hailstorm                Conj/Ice       40%        3d10      4%          4
 Magic Dart               Conj           100%       1d8       1%          1
 Passwall                 Tmut/Erth      39%        N/A       1%          2
 Searing Ray              Conj           100%       3d7       1%          2
 Static Discharge         Conj/Air       40%        N/A       1%          2
 Mephitic Cloud           Conj/Pois/Air  30%        N/A       2%          3
 Fulminant Prism          Conj/Hex       20%        3d13      4%          4
 Ignite Poison            Fire/Tmut/Pois 13%        N/A       7%          3
 Petrify                  Tmut/Erth      47%        N/A       10%         4
 Lightning Bolt           Conj/Air       20%        1d35      11%         5
 Corpse Rot               Necr/Air       N/A        N/A       14%         2
 Ensorcelled Hibernation  Hex/Ice        24%        N/A       14%         2
 Spider Form              Tmut/Pois      7%         N/A       24%         3
 Gell's Gravitas          Tloc           6%         N/A       26%         3
 Lesser Beckoning         Tloc           6%         N/A       26%         3
 Teleport Other           Tloc           12%        N/A       26%         3
 Borgnjor's Vile Clutch   Necr/Erth      22%        N/A       28%         5
 Dispel Undead            Necr           12%        3d9       63%         4
 Alistair's Intoxication  Tmut/Pois      9%         N/A       88%         5
 Eringya's Noxious Bog    Tmut/Pois      7%         N/A       90%         6
 Death Channel            Necr           6%         N/A       100%        6
 Dispersal                Tloc           6%         N/A       100%        6
 Shadow Creatures         Summ           N/A        N/A       100%        6
 Maxwell's Capacitive Co  Air            6%         ∞         100%        8


Dungeon Overview and Level Annotations

Branches:
Dungeon (12/15)            Temple (1/1) D:5            Lair (0/6) D:8
    Orc (0/2) D:10         Bailey (visited)

Altars:
Ashenzari
Dithmenos
Elyvilon
Gozag
Hepliaklqana
Kikubaaqudgha
Okawaru
Qazlal
Ru
Sif Muna
Uskayaw
Vehumet
Wu Jian
Yredelemnul
The Shining One

Shops:
D:8 !   D:10 =

Annotations:
D:12 Urug


Innate Abilities, Weirdness & Mutations

You are immune to sickness and miasma.
Your stone body is resilient. (AC +8)
You are immune to poison.
You resist negative energy. (rN+)
You are resistant to electric shocks. (rElec)
You are resistant to unholy torment.
You are immune to petrification.
Your large and strong wings let you fly.
Your mind is acute. (Int +2)
Your muscles are strong. (Str +2)
Your spells are a little harder to cast, but a little more powerful.


Message History

Unknown command.
Aiming: Mindburst
Press: ? - help, Shift-Dir - straight line, f/p - Urug
Aim: Urug, wielding a +6 scimitar of electrocution, wearing a +0 scale mail and quivering javelins (severely wounded, chance to affect: 69%) Urug struggles to resist.
Urug hits you with a +6 scimitar of electrocution.
Aiming: Mindburst
Press: ? - help, Shift-Dir - straight line, f/p - Urug
Aim: Urug, wielding a +6 scimitar of electrocution, wearing a +0 scale mail and quivering javelins (severely wounded, chance to affect: 69%) Urug struggles to resist.
Urug hits you with a +6 scimitar of electrocution.
Aiming: Mindburst
Press: ? - help, Shift-Dir - straight line, f/p - Urug
Aim: Urug, wielding a +6 scimitar of electrocution, wearing a +0 scale mail and quivering javelins (heavily wounded, chance to affect: 69%) Urug struggles to resist.
Urug hits you with a +6 scimitar of electrocution!
* * * LOW HITPOINT WARNING * * *
Aiming: Mindburst
Press: ? - help, Shift-Dir - straight line, f/p - Urug
Aim: Urug, wielding a +6 scimitar of electrocution, wearing a +0 scale mail and quivering javelins (heavily wounded, chance to affect: 69%) Urug struggles to resist.
Urug hits you but does no damage.
Unknown command.
Unknown command.
Unknown command.
Unknown command.
Aiming: Mindburst
Press: ? - help, Shift-Dir - straight line, f/p - Urug
Aim: Urug, wielding a +6 scimitar of electrocution, wearing a +0 scale mail and quivering javelins (heavily wounded, chance to affect: 69%) Urug's mind is blasted!!
Urug hits you but does no damage.
Unknown command.
Aiming: Mindburst
Press: ? - help, Shift-Dir - straight line, f/p - Urug
Aim: Urug, wielding a +6 scimitar of electrocution, wearing a +0 scale mail and quivering javelins (almost dead, chance to affect: 69%) Urug struggles to resist.
Urug barely misses you.
Aiming: Mindburst
Press: ? - help, Shift-Dir - straight line, f/p - Urug
Aim: Urug, wielding a +6 scimitar of electrocution, wearing a +0 scale mail and quivering javelins (almost dead, chance to affect: 69%) Urug struggles to resist.
Urug hits you with a +6 scimitar of electrocution!!
You die...

###..... #.......
+.......#.....#
#.......#.....#
#.....#+#.o...#
#...<.#...@...#
#####.....#..)....#
............##'###..#
.................#..#
.######.######...#
... .#....#.# #...#
... .#....'.# #...#
.'....#.# #...+
.#....#.# #...#


You could see Urug.

Vanquished Creatures
  A two-headed ogre (D:12)
  2 orc knights (Bailey)
  An ugly thing (D:12)
  2 cyclopes (D:11)
  A manticore (D:11)
  Psyche (D:8)
  Maggie (D:8)
  A komodo dragon (D:8)
  2 trolls
  6 dream sheep (D:8)
  4 shadows
  A wyvern (D:10)
  11 yaks
  3 vampire mosquitoes (D:9)
  Menkaure (D:4)
  2 steam dragons
  Edmund (D:6)
  2 water moccasins
  A floating eye (Bailey)
  10 orc warriors
  2 ice beasts
  3 black bears
  A necrophage (D:3)
  2 sky beasts
  An ogre (D:6)
  6 centaurs
  2 kobold brigands
  A gnoll sergeant (D:8)
  A bullfrog (D:7)
  16 killer bees
  10 wights
  3 electric eels (D:9)
  3 howler monkeys
  A bullfrog zombie (D:7)
  4 centaur zombies
  4 orc priests
  4 hounds
  2 jellies
  2 iguanas
  Ijyb (D:4)
  14 orc wizards
  A hound skeleton (D:5)
  A howler monkey zombie (D:9)
  7 gnolls
  7 adders
  A shadow imp (D:5)
  An ufetubus (D:4)
  A worm (D:4)
  4 dart slugs
  48 orcs
  5 endoplasms
  3 giant cockroaches (D:1)
  8 goblins
  13 hobgoblins
  3 quokkas
  7 ball pythons
  8 bats
  3 frilled lizards
  15 kobolds
  6 rats
279 creatures vanquished.

Vanquished Creatures (collateral kills)
  3 yaks (D:11)
3 creatures vanquished.

Vanquished Creatures (others)
  18 plants (D:8)
18 creatures vanquished.

Grand Total: 300 creatures vanquished

Notes
Turn   | Place    | Note
-------+----------+-------------------------------------------
     0 | D:1      | vjdnkdk the Gargoyle Earth Elementalist began the quest for
                  | the Orb.
     0 | D:1      | Reached XP level 1. HP: 10/10 MP: 3/3
   213 | D:1      | Reached XP level 2. HP: 15/15 MP: 5/5
   223 | D:1      | Reached skill level 4 in Earth Magic
   673 | D:1      | Reached XP level 3. HP: 18/19 MP: 6/6
   682 | D:1      | Learned a level 3 spell: Stone Arrow
  1115 | D:1      | Found a faded altar of an unknown god.
  1415 | D:2      | Gained mutation: Your magical capacity is low. (-10% MP)
                  | [potion of mutation]
  1415 | D:2      | Gained mutation: You are robust. (+10% HP) [potion of
                  | mutation]
  1885 | D:2      | Lost mutation: Your magical capacity is low. (-10% MP)
                  | [potion of mutation]
  1885 | D:2      | Lost mutation: You are robust. (+10% HP) [potion of
                  | mutation]
  1885 | D:2      | Gained mutation: Your spells are a little harder to cast,
                  | but a little more powerful. [potion of mutation]
  1885 | D:2      | Gained mutation: Your mind is acute. (Int +2) [potion of
                  | mutation]
  1885 | D:2      | Gained mutation: Your muscles are strong. (Str +2) [potion
                  | of mutation]
  1885 | D:2      | Gained mutation: Your large and strong wings let you fly.
                  | [potion of mutation]
  2058 | D:2      | Reached skill level 1 in Conjurations
  2300 | D:2      | Reached XP level 4. HP: 21/24 MP: 6/8
  2621 | D:3      | Noticed a necrophage
  2640 | D:3      | Killed a necrophage
  2641 | D:3      | Reached skill level 5 in Earth Magic
  2641 | D:3      | Reached XP level 5. HP: 12/28 MP: 3/10
  3234 | D:4      | Noticed Ijyb
  3242 | D:4      | Killed Ijyb
  3256 | D:4      | Noticed Menkaure
  3258 | D:4      | Killed Menkaure
  3259 | D:4      | Reached XP level 6. HP: 32/32 MP: 6/12
  3579 | D:4      | Reached skill level 6 in Earth Magic
  3623 | D:4      | Noticed a black bear
  3627 | D:4      | Killed a black bear
  3628 | D:4      | Reached XP level 7. HP: 36/36 MP: 10/13
  3658 | D:4      | Identified the +0 leather armour of Distant Shores {Rampage
                  | *Slow rN+++ Stlth-}
  4153 | D:4      | Reached skill level 7 in Earth Magic
  4154 | D:4      | Reached skill level 5 in Spellcasting
  4396 | D:5      | Entered Level 5 of the Dungeon
  4409 | D:5      | Reached skill level 5 in Conjurations
  4409 | D:5      | Reached XP level 8. HP: 41/41 MP: 8/15
  4605 | D:5      | Found a staircase to the Ecumenical Temple.
  4611 | Temple   | Entered the Ecumenical Temple
  4682 | Temple   | Became a worshipper of Vehumet
  5643 | D:6      | Reached skill level 1 in Fighting
  5643 | D:6      | Reached skill level 1 in Armour
  5682 | D:6      | Reached skill level 8 in Earth Magic
  5923 | D:6      | Noticed Edmund
  5936 | D:6      | Killed Edmund
  5937 | D:6      | Reached skill level 1 in Maces & Flails
  5937 | D:6      | Reached skill level 1 in Evocations
  5996 | D:6      | Reached XP level 9. HP: 21/47 MP: 11/17
  6852 | D:7      | Reached * piety under Vehumet
  6852 | D:7      | Offered knowledge of Shock by Vehumet.
  8358 | D:8      | Noticed Psyche
  8367 | D:8      | Killed Psyche
  8396 | D:8      | Found Jyntik's Distillery.
  8408 | D:8      | Bought a potion of haste for 120 gold pieces
  8408 | D:8      | Bought a potion of curing for 36 gold pieces
  8408 | D:8      | Bought a potion of heal wounds for 60 gold pieces
  8408 | D:8      | Bought a potion of curing for 36 gold pieces
  8512 | D:8      | Reached XP level 10. HP: 56/56 MP: 10/19
  8636 | D:8      | Reached ** piety under Vehumet
  8674 | D:8      | Offered knowledge of Foxfire by Vehumet.
  8675 | D:8      | Reached skill level 9 in Earth Magic
  8758 | D:8      | Found a flagged portal.
  8864 | Bailey   | Entered a bailey
  8984 | Bailey   | Noticed an orc knight
  8984 | Bailey   | Noticed an orc knight
  8999 | Bailey   | Killed an orc knight
  9020 | Bailey   | Offered knowledge of Inner Flame by Vehumet.
  9159 | Bailey   | Killed an orc knight
  9186 | Bailey   | Learned a level 5 spell: Bolt of Magma
  9227 | Bailey   | Noticed an orc knight
  9243 | Bailey   | an orc knight changed into a floating eye
  9246 | Bailey   | Paralysed by a floating eye for 4 turns
  9642 | D:8      | Found a staircase to the Lair.
  9819 | D:8      | Noticed Maggie
  9844 | D:8      | Killed Maggie
 10386 | D:8      | Reached skill level 5 in Fighting
 10386 | D:8      | Reached XP level 11. HP: 52/63 MP: 21/21
 10389 | D:8      | Reached skill level 5 in Armour
 10460 | D:8      | Found the +5 robe of Night {Dark Will+ SInv}
 10618 | D:9      | Found a broken altar of Ashenzari.
 10763 | D:9      | Found a large runed translucent door.
 10763 | D:9      | Found a large runed translucent door.
 10897 | D:9      | Reached *** piety under Vehumet
 11451 | D:9      | Found a shadowy altar of Dithmenos.
 11456 | D:9      | Found an ornate altar of the Wu Jian Council.
 11479 | D:10     | Entered Level 10 of the Dungeon
 11545 | D:10     | Offered knowledge of Frozen Ramparts by Vehumet.
 11548 | D:10     | Reached skill level 10 in Earth Magic
 11626 | D:10     | Found a staircase to the Orcish Mines.
 11838 | D:10     | Found Dutoanas's Jewellery Emporium.
 11893 | D:10     | Reached skill level 5 in Maces & Flails
 12248 | D:10     | Found a basalt altar of Yredelemnul.
 12254 | D:10     | Found a hazy altar of Hepliaklqana.
 12262 | D:10     | Found a glowing golden altar of the Shining One.
 12319 | D:10     | Reached **** piety under Vehumet
 12350 | D:10     | Identified the +0 scale mail "Ceoxtuq" {rPois MP+9 Str+2
                  | Slay+3}
 12625 | D:11     | Offered knowledge of Hailstorm by Vehumet.
 13036 | D:11     | Noticed a manticore
 13388 | D:11     | Killed a manticore
 13491 | D:11     | Noticed a cyclops
 13667 | D:11     | Noticed a cyclops
 13672 | D:11     | Reached skill level 5 in Evocations
 13679 | D:11     | Killed a cyclops
 13680 | D:11     | Reached skill level 5 in Dodging
 13680 | D:11     | Reached XP level 12. HP: 28/70 MP: 8/23
 14472 | D:12     | Noticed a two-headed ogre
 14476 | D:12     | Noticed Urug
 14479 | D:12     | Killed a two-headed ogre
 14494 | D:12     | Mangled by Urug

Illustrated notes

Levels and vault maps discovered:
D:1:      dpeg_arrival_circle_labyrinth_c, layout_loops_ring,
          hellmonk_ecumenical_altar_leap_of_faith, minmay_split_cup_small
D:2:      layout_loops_ring, minmay_tetromino_s2
D:3:      layout_rooms
D:4:      kennysheep_six_static_rooms, layout_gridville, uniq_menkaure,
          uniq_ijyb
D:5:      layout_gridville, minmay_temple_entry_enclosed_plants
D:6:      layout_basic, st_stairs_7, kennysheep_generic_room_14, uniq_edmund
D:7:      layout_basic, serial_curves, eino_curves_01, eino_curves_02,
          eino_curves_02, minmay_holes
D:8:      layout_basic, david_lair_shrubbed, serial_shops, shop, enter_bailey_8,
          hellmonk_guarded_unrand_night, uniq_psyche, uniq_maggie
D:9:      layout_roguey, cheibrodos_ashenzari_chains, jmf_multi_god_temple2,
          fungi_pond_lemuel, serial_bayou_lagoon_a, nrook_pool_corridor
D:10:     layout_irregular_city, grunt_temple_overflow_open, hiddenorc1_lemuel,
          serial_shops, nicolae_shop_stone
D:11:     layout_loops_ring, minmay_strange_pillars, kennysheep_donut
D:12:     layout_irregular_city, uniq_urug
Temple:   eino_temple_scatter_basement

Skill      XL: |  1  2  3  4  5  6  7  8  9 10 11 12 |
---------------+-------------------------------------+-----
Earth Magic    | 4 5 6 7 8 9 10 | 10.6
Conjurations   | 1 2 3 5 6 7 8 |  8.8
Spellcasting   | 3 4 5 6 7 8 |  8.0
Fighting       | 1 3 5 6 |  6.5
Armour         | 1 3 4 6 |  6.0
Maces & Flails | 1 3 4 5 |  5.8
Dodging        | 2 3 4 5 |  5.2
Evocations     | 1 2 4 5 |  5.2
Stealth        | |  2.1
Transmutations | |  0.7

Action                   |  1- 3 |  4- 6 |  7- 9 | 10-12 || total
-------------------------+-------+-------+-------+-------++-------
Melee: Short sword       |   133 |       |       |       ||   133
       Dagger            |    59 |    95 |       |       ||   154
       Club              |       |    14 |   140 |   222 ||   376
 Cast: Sandblast         |     7 |    15 |    96 |   100 ||   218
       Stone Arrow       |       |       |     9 |    76 ||    85
       Bolt of Magma     |       |       |       |    12 ||    12
Evoke: Wand              |       |     2 |       |    13 ||    15
  Use: Scroll            |     5 |     6 |     5 |     5 ||    21
       Potion            |     2 |       |     1 |     1 ||     4
 Stab: Sleeping          |     7 |     1 |     2 |       ||    10
Armor: Robe              |    78 |    39 |   126 |   234 ||   477
       Steam dragon scal |       |       |       |    22 ||    22
Dodge: Dodged            |   119 |    65 |   136 |   229 ||   549

Table legend: (Time is in decaauts)
 A = Elapsed time spent in this place.
 B = Non-inter-level travel time spent in this place.
 C = Inter-level travel time spent in this place.
 D = Time resting spent in this place.
 E = Time spent auto-exploring this place.
 F = Levels seen in this place.
 G = Mean time per level.
                   A        B        C        D        E       F      G
               +--------+--------+--------+--------+--------+-----+--------+
         Total |  14554 |  13999 |    555 |   1204 |   9847 |  14 | 1039.6 |
       Dungeon |  13703 |  13177 |    526 |   1008 |   9589 |  12 | 1141.9 |
        Temple |     89 |     60 |     29 |      0 |     40 |   1 |   89.0 |
        Bailey |    761 |    761 |      0 |    196 |    218 |   1 |  761.0 |
               +--------+--------+--------+--------+--------+-----+--------+

Top non-repeatable levels by time:
    D:11: 1773 daAuts
     D:6: 1599 daAuts
     D:7: 1483 daAuts
     D:8: 1459 daAuts
     D:1: 1405 daAuts
     D:4: 1174 daAuts
    D:10: 1108 daAuts
     D:2: 1105 daAuts
     D:9: 948 daAuts
     D:5: 780 daAuts
  Bailey: 761 daAuts
     D:3: 727 daAuts
    D:12: 137 daAuts
  Temple: 89 daAuts
